 Dungeon Crawl Stone Soup version 0.31-a0-180-g519b7de00c (webtiles) character file.

Game seed: 16097852122344452705

237 qw the Chopper (level 6, -5/38 HPs)
             Began as a Gargoyle Fighter on June 19, 2023.
             Killed by divine providence
             ... invoked by an orc priest
              (12 damage)
             ... on level 5 of the Dungeon.
             The game lasted 00:01:36 (2915 turns).

qw the Chopper (Gargoyle Fighter)                   Turns: 2915, Time: 00:01:36

Health: -5/38      AC: 17    Str: 22    XL:     6   Next: 6%
Magic:  6/6        EV:  9    Int: 10    God:
Gold:   166        SH:  9    Dex:  9    Spells: 5/5 levels left

rFire   + . .        Y - +1 war axe
rCold   . . .        c - +0 buckler
rNeg    + . .        l - +5 scale mail of Hepliaklqana's Anger {rF+ Int+2 SInv}
rPois   inf          (no helmet)
rElec   +            (no cloak)
rCorr   .            e - +0 pair of gloves
SInv    +            (no boots)
Will    .....        g - amulet of reflection Stlth
                     (no ring)
HPRegen 0.26/turn    (no ring)
MPRegen 0.10/turn

%: reflection
@: about to teleport
A: sickness immunity, AC +4, negative energy resistance 1, electricity
resistance, torment resistance 1, petrification resistance
a: no special abilities


You were on level 5 of the Dungeon.
You visited 1 branch of the dungeon, and saw 5 of its levels.

You collected 166 gold pieces.


Innate Abilities, Weirdness & Mutations

You are immune to sickness and miasma.
Your stone body is resilient. (AC +4)
You are immune to poison.
You resist negative energy. (rN+)
You are resistant to electric shocks. (rElec)
You are resistant to unholy torment.
You are immune to petrification.


   Skills:
 - Level 4.0 Fighting
 + Level 5.0 Axes
 - Level 3.2 Armour
 - Level 1.1 Dodging
 - Level 3.2 Shields


You had 5 spell levels left.
You didn't know any spells.
Your spell library was empty.

Inventory:

Hand Weapons
 m - a +0 flail
 Y - a +1 war axe (weapon)
Armour
 c - a +0 buckler (worn)
 e - a +0 pair of gloves (worn)
 l - the +5 scale mail of Hepliaklqana's Anger (worn) {rF+ Int+2 SInv}
   (You found it on level 2 of the Dungeon)

   Int:       It affects your intelligence (+2).
   rF:        It protects you from fire.
   SInv:      It lets you see invisible.
Jewellery
 g - an amulet of reflection (around neck)
Scrolls
 b - 3 scrolls of identify
Potions
 d - 2 potions of might
 f - a potion of heal wounds
 h - a potion of mutation
 i - a potion of curing {unknown}
 j - a potion of invisibility {unknown}
 k - a potion of brilliance {unknown}
 n - 2 potions of magic {unknown}

Dungeon Overview and Level Annotations

Branches:
Dungeon (5/15)
 Temple: D:4-7

Altars:
Xom


Message History

The orc priest is lightly wounded.
The orc priest begins to cast a cantrip, but forgets the words!
You hit the orc priest.
The orc priest is heavily wounded.
The orc priest hits you with a +0 club.
You closely miss the orc priest.
The orc priest is heavily wounded.
The orc priest closely misses you.
The orc priest hits you but does no damage.
The orc priest casts a cantrip, but nothing happens.
You slash the orc priest!
The orc priest is almost dead.
The orc priest mumbles some strange prayers to Beogh against you.
Beogh smites you!
You hit the orc priest but do no damage.
The orc priest is almost dead.
The orc priest barely misses you.
You barely miss the orc priest.
The orc priest is almost dead.
The orc priest hits you with a +0 club.
You slash the orc priest!
You kill the orc priest!
The orc priest invokes the aid of Beogh against you.
Beogh smites you! The hound bites you but does no damage.
You feel your strength returning.
Your Dodging skill increases to level 1!
You have reached level 6!
You closely miss the hound. The hound bites you. The hound barely misses you.
You hit the hound.
The hound is lightly wounded.
The hound bites you but does no damage.
The orc priest miscasts a cantrip.
The hound bites you.
2915 ||| READING scroll of teleportation.
As you read the scroll of teleportation, it crumbles to dust.
You feel strangely unstable.
The orc priest calls down the wrath of Beogh upon you.
Beogh smites you!
You die...

### ..# #.## . ...##
##########5...
....#######.....@hooo_..
..............######....
....####.####.# .
.....###.# #.#
#........####.#########
......................#
#.....##.####.#######(#
.....###......# #.#
....## #.###### #.#


You could see a hound, an orc priest, an orc wizard (invisible), an orc and an
ufetubus.

Vanquished Creatures
  An orc priest (D:5)
  Terence (D:2)
  An orc wizard (D:3)
  5 adders
  3 gnolls (D:4)
  2 worms
  A dart slug (D:4)
  6 orcs
  5 ball pythons
  13 endoplasms
  2 giant cockroaches
  A goblin (D:3)
  A hobgoblin (D:4)
  3 jackals (D:1)
  8 kobolds
  2 quokkas
  5 bats
  2 frilled lizards
  8 rats
  A spectral goblin (D:2)
71 creatures vanquished.

Notes
Turn   | Place    | Note
-------+----------+-------------------------------------------
     0 | D:1      | qw the Gargoyle Fighter began the quest for the Orb.
     0 | D:1      | Reached XP level 1. HP: 14/14 MP: 1/1
     0 | D:1      | 0 ||| qw: Version: 0.3-a-7-ge0c9b40
     0 | D:1      | 0 ||| qw: Game counter: 931
     0 | D:1      | 0 ||| qw: Always use a shield: true
     0 | D:1      | 0 ||| qw: God list: Okawaru
     0 | D:1      | 0 ||| qw: Allow faded altars: false
     0 | D:1      | 0 ||| qw: Do Orc after D:15 true
     0 | D:1      | 0 ||| qw: Do second Lair branch before Depths: true
     0 | D:1      | 0 ||| qw: Lair rune preference: random
     0 | D:1      | 0 ||| qw: Plans: Normal, Zot:1-4, Slime:5, God:TSO, Crypt,
                  | Tomb, Abyss, Pan, Hells, Win
     0 | D:1      | 0 ||| PLANNING D:1-11
    53 | D:1      | Reached skill level 2 in Axes
    90 | D:1      | Reached XP level 2. HP: 19/19 MP: 2/2
   214 | D:1      | 214 ||| DROPPING +0 club.
   505 | D:1      | Reached skill level 3 in Axes
   547 | D:1      | Reached XP level 3. HP: 23/23 MP: 3/3
   794 | D:1      | 794 ||| UPGRADING to amulet of regeneration.
   799 | D:1      | 799 ||| UPGRADING to amulet of reflection.
   809 | D:1      | 809 ||| DROPPING amulet of regeneration.
   810 | D:1      | 810 ||| READING scroll labelled CAIRCH OJINAA.
   811 | D:1      | 811 ||| READING scroll labelled SUMMEITEEK.
   841 | D:2      | 841 ||| Stepping ~*~*~tactically~*~*~ (stealth).
   857 | D:2      | Noticed Terence
   859 | D:2      | 859 ||| FLEEEEING.
   862 | D:2      | 862 ||| FLEEEEING.
   863 | D:2      | 863 ||| FLEEEEING.
   864 | D:2      | 864 ||| FLEEEEING.
   875 | D:2      | Killed Terence
   965 | D:2      | 965 ||| Stepping ~*~*~tactically~*~*~ (stealth).
   983 | D:2      | Reached XP level 4. HP: 20/28 MP: 4/4
  1064 | D:2      | Reached skill level 4 in Axes
  1136 | D:2      | Found a faded altar of an unknown god.
  1159 | D:2      | Identified the +5 scale mail of Hepliaklqana's Anger {rF+
                  | Int+2 SInv}
  1395 | D:2      | 1395 ||| UPGRADING to +5 scale mail of Hepliaklqana's Anger
                  | {rF+ Int+2 SInv}.
  1405 | D:2      | 1405 ||| DROPPING +0 scale mail.
  1406 | D:2      | 1406 ||| READING scroll labelled DUTUNI TEFAJO.
  1407 | D:2      | 1407 ||| READING scroll labelled CEQ MIOGRIUMITA.
  1408 | D:2      | 1408 ||| DRINKING 3 sapphire potions.
  1409 | D:2      | 1409 ||| DROPPING 2 potions of degeneration.
  1816 | D:3      | Reached XP level 5. HP: 32/32 MP: 5/5
  1942 | D:3      | 1942 ||| Stepping ~*~*~tactically~*~*~ (hiding).
  2001 | D:3      | 2001 ||| DROPPING +0 mace.
  2101 | D:3      | 2101 ||| UPGRADING to +0 pair of gloves.
  2106 | D:3      | 2106 ||| READING 2 scrolls labelled KEUTZE WAEM.
  2107 | D:3      | 2107 ||| READING scroll labelled DIGAZO DAXZUO.
  2108 | D:3      | 2108 ||| READING 2 scrolls of identify.
  2108 | D:3      | 2108 ||| IDENTIFYING amethyst potion
  2109 | D:3      | 2109 ||| DROPPING scroll of poison.
  2161 | D:4      | Reached skill level 5 in Axes
  2777 | D:4      | 2777 ||| DROPPING amulet of guardian spirit.
  2778 | D:4      | 2778 ||| READING scroll labelled NAOSTUS GIUSEV.
  2810 | D:5      | Entered Level 5 of the Dungeon
  2903 | D:5      | Found a shimmering altar of Xom.
  2913 | D:5      | Reached skill level 1 in Dodging
  2913 | D:5      | Reached XP level 6. HP: 12/38 MP: 6/6
  2914 | D:5      | HP: 7/38 [hound (3)]
  2915 | D:5      | 2915 ||| READING scroll of teleportation.
  2915 | D:5      | Killed from afar by an orc priest

Levels and vault maps discovered:
D:1:      scummos_arrival_forest, layout_basic
D:2:      layout_rooms, dreamdust_ecumenical_altar_drowned_temple,
          kennysheep_generic_room_8, uniq_terence
D:3:      layout_loops_ring, hex_tiny, grunt_ministairs_6
D:4:      layout_loops_ring
D:5:      layout_loops_ring, grunt_temple_overflow_open

Skill      XL: |  1  2  3  4  5 |
---------------+----------------+-----
Axes           | 2 3 4 5 |  5.0
Fighting       | 4 |  4.0
Dodging        | 1 |  1.1
Armour         | |  3.2
Shields        | |  3.2

Action                     |  1- 3 |  4- 6 || total
---------------------------+-------+-------++-------
  Melee: War axe           |    89 |   143 ||   232
    Use: Scroll            |     2 |     7 ||     9
         Potion            |       |     1 ||     1
 Armour: Scale mail        |    40 |    52 ||    92
  Dodge: Dodged            |    34 |    49 ||    83
  Block: Buckler           |    18 |    55 ||    73

Table legend:
 A = Non-vault XP
 B = Vault XP
 C = Vault XP percentage of total XP
 D = Non-vault monster count
 E = Vault monster count
 F = Vault count percentage of total count
                 A         B        C        D         E       F
            +---------+---------+-------+---------+---------+-------
      Total |     255 |      84 |  24.8 |      63 |       8 |  11.3
            +---------+---------+-------+---------+---------+-------
        D:1 |      37 |       0 |   0.0 |      23 |       0 |   0.0
        D:2 |      37 |      39 |  51.3 |      12 |       3 |  20.0
        D:3 |      56 |      45 |  44.6 |      18 |       5 |  21.7
        D:4 |      81 |       0 |   0.0 |       9 |       0 |   0.0
        D:5 |      44 |       0 |   0.0 |       1 |       0 |   0.0
            +---------+---------+-------+---------+---------+-------
